 Dungeon Crawl Stone Soup version 0.19.0-19-g8c6edcc (webtiles) character file.

681 MovingMist the Shield-Bearer (level 7, -9/45 HPs)
             Began as a Gargoyle Fighter on Nov 13, 2016.
             Killed by divine providence
             ... invoked by an orc priest
              (11 damage)
             ... on level 4 of the Dungeon.
             The game lasted 00:11:41 (4027 turns).

MovingMist the Shield-Bearer (Gargoyle Fighter)     Turns: 4027, Time: 00:11:41

Health: -9/45      AC: 13    Str: 20    XL:     7   Next: 61%
Magic:  7/7        EV:  7    Int:  8    God:
Gold:   109        SH: 10    Dex: 11    Spells: 0 memorised, 6 levels left

rFire  . . .     SeeInvis .     a - +0 flail
rCold  . . .     Gourm    .     b - +0 scale mail
rNeg   + . .     Faith    .     c - +0 shield
rPois  ∞         Spirit   .     (no helmet)
rElec  +         Reflect  .     l - +0 cloak
rCorr  .         Harm     .     (no gloves)
MR     .....                    (no boots)
Stlth  ..........               (no amulet)
                                (no ring)
                                (no ring)

@: slowed, very slow
A: negative energy resistance 1, electricity resistance, unbreathing,
petrification resistance, rot immunity, AC +4
a: no special abilities


You were on level 4 of the Dungeon.
You were not hungry.

You visited 1 branch of the dungeon, and saw 4 of its levels.

You collected 109 gold pieces.

Inventory:

Hand Weapons
 a - a +0 flail (weapon)
Missiles
 m - 4 tomahawks (quivered)
Armour
 b - a +0 scale mail (worn)
 c - a +0 shield (worn)
 l - a +0 cloak (worn)
 o - a +0 helmet
Jewellery
 q - an uncursed amulet of the gourmand {unknown}
Scrolls
 j - 2 scrolls of fear {unknown}
 p - 4 scrolls of identify {unknown}
 r - a scroll of amnesia {unknown}
 s - 2 scrolls of teleportation {unknown}
 t - a scroll of immolation {unknown}
 x - a scroll of remove curse {unknown}
 y - a scroll of enchant armour {unknown}
Potions
 d - 3 potions of might
 e - a potion of beneficial mutation {unknown}
 h - 4 potions of curing {unknown}
 i - a potion of degeneration {unknown}
 n - a potion of lignification {unknown}
 u - a potion of magic {unknown}
 v - a potion of resistance {unknown}
Comestibles
 f - 4 bread rations
 g - 2 meat rations
 k - 5 fruits
 w - 2 chunks of flesh


   Skills:
 + Level 5.7 Fighting
 + Level 4.1 Maces & Flails
 + Level 5.0 Armour
 * Level 5.8 Shields


You had 6 spell levels left.
You didn't know any spells.

Dungeon Overview and Level Annotations

Branches:
Dungeon (4/15)
 Temple: D:4-7

Altars:


Innate Abilities, Weirdness & Mutations

You are resistant to torment.
Your stone body is resilient. (AC +4)
You are immune to poison.
You resist negative energy. (rN+)
You are resistant to electric shocks. (rElec)
You can survive without breathing.
You are immune to petrification.
You are immune to rotting.


Message History

There is a stone staircase leading down here.
The orc priest casts a cantrip, but nothing happens.
There is an open door here.
The orc wizard gestures wildly while chanting.
The orc wizard blinks!
The orc wizard casts a spell at you. The magic dart hits you!
* * * LOW HITPOINT WARNING * * *
The orc priest calls upon Beogh to heal something.
The orc wizard mumbles some strange words.
The orc wizard blinks!
The orc priest begins to cast a cantrip, but forgets the words!
The orc wizard gestures at you while chanting.
The magic dart hits you!
* * * LOW HITPOINT WARNING * * *
The orc wizard casts a spell at you.
You feel yourself slow down.
The orc priest calls down the wrath of Beogh upon you.
Beogh smites you!
You die...

.....................#.##########
.....................#...........
...........o..#o.....############
...................#.# #
.........####......#.# #
..........# #......#.# #
..........# #...o(.#.# #
.....###### #......#.# #
...###≈≈≈####...@..#.# #
..##..≈≈≈≈≈#####.#...# #
###...≈≈≈≈≈≈# #.#.### #
......≈≈≈≈≈≈# #.######### #
.......≈≈≈≈≈# #.........# #
.......≈≈≈≈≈# #########.# #
###...≈≈≈≈≈≈# #####+## #
##...≈≈≈≈## #......# # ###.≈≈###
#......# #


You could see an orc priest, an orc wizard and an orc.

Vanquished Creatures
  The ghost of zkyp the Chopper, an amateur CeWr (D:3)
  An ogre (D:4)
  A hound (D:4)
  3 orc priests
  2 orc wizards
  Natasha (thrice) (D:3)
  3 worker ants (D:4)
  Robin (D:3)
  4 adders
  An ooze (D:3)
  An adder skeleton (D:4)
  6 worms
  2 dart slugs
  2 leopard geckos
  13 orcs
  7 bats
  A giant cockroach (D:3)
  11 goblins
  14 hobgoblins
  13 jackals
  4 quokkas
  4 ball pythons
  2 frilled lizards
  10 kobolds
  7 rats
117 creatures vanquished.

Notes
Turn   | Place    | Note
-------+----------+-------------------------------------------
     0 | D:1      | MovingMist the Gargoyle Fighter began the quest for the Orb.
     0 | D:1      | Reached XP level 1. HP: 14/14 MP: 1/1
   164 | D:1      | Reached XP level 2. HP: 16/19 MP: 2/2
   599 | D:2      | Reached XP level 3. HP: 22/24 MP: 3/3
  1145 | D:2      | Reached XP level 4. HP: 26/29 MP: 4/4
  1531 | D:3      | Noticed Robin
  1649 | D:3      | Killed Robin
  1750 | D:3      | Reached XP level 5. HP: 34/34 MP: 5/5
  2292 | D:3      | Reached skill level 5 in Fighting
  2330 | D:3      | Noticed Natasha
  2341 | D:3      | Killed Natasha
  2341 | D:3      | Reached XP level 6. HP: 22/40 MP: 6/6
  2520 | D:3      | Noticed Natasha
  2532 | D:3      | Killed Natasha
  2646 | D:3      | Noticed Natasha
  2657 | D:3      | Killed Natasha
  2709 | D:3      | Noticed zkyp's ghost (amateur CeWr)
  2727 | D:3      | Killed zkyp's ghost
  2824 | D:3      | Reached skill level 5 in Shields
  2978 | D:4      | Reached XP level 7. HP: 42/44 MP: 7/7
  3746 | D:4      | Reached skill level 5 in Armour
  4008 | D:4      | HP: 2/45 [orc priest/divine providence (10)]
  4020 | D:4      | HP: 1/45 [orc wizard/magic dart (2)]
  4026 | D:4      | HP: 1/45 [orc wizard/magic dart (1)]
  4027 | D:4      | Killed from afar by an orc priest

Skill      XL: |  1  2  3  4  5  6  7 |
---------------+----------------------+-----
Fighting       | 4 5 |  5.7
Shields        | 4 5 |  5.8
Maces & Flails | 3 4 |  4.1
Armour         | 4 5 |  5.0

Action                   |  1- 3 |  4- 6 |  7- 9 || total
-------------------------+-------+-------+-------++-------
Melee: Flail             |   185 |   310 |   108 ||   603
  Eat: Chunk             |     1 |     7 |     4 ||    12
Armor: Scale mail        |    99 |   192 |    66 ||   357
Dodge: Dodged            |    45 |    89 |    34 ||   168
Block: Shield            |   101 |   190 |    51 ||   342
